 Dungeon Crawl Stone Soup version 0.31-a0-232-gb1c03b2570 (webtiles) character file.

Game seed: 17861300845787674774

109 qw the Shooter (level 4, 0/27 HPs)
             Began as a Gargoyle Hexslinger on July 7, 2023.
             Slain by a gnoll
             ... wielding a +0 spear
              (6 damage)
             ... on level 3 of the Dungeon.
             The game lasted 00:00:39 (1972 turns).

qw the Shooter (Gargoyle Hexslinger)                Turns: 1972, Time: 00:00:39

Health: 0/27       AC:  9    Str: 12    XL:     4   Next: 89%
Magic:  5/5        EV: 12    Int: 13    God:
Gold:   79         SH:  0    Dex: 14    Spells: 4/5 levels left

rFire   . . .        a - +1 longbow of Causality {freeze, rPois rC+ rCorr}
rCold   + . .        (shield currently unavailable)
rNeg    + . .        c - +0 robe
rPois   inf          (no helmet)
rElec   +            (no cloak)
rCorr   +            (no gloves)
SInv    +            (no boots)
Will    .....        (no amulet)
Stlth   +            d - +4 ring of protection
HPRegen 0.24/turn    f - ring of see invisible
MPRegen 0.09/turn

%: no passive effects
@: no status effects
A: sickness immunity, AC +3, negative energy resistance 1, electricity
resistance, torment resistance 1, petrification resistance
a: no special abilities


You were on level 3 of the Dungeon.
You visited 1 branch of the dungeon, and saw 3 of its levels.

You collected 79 gold pieces.


Innate Abilities, Weirdness & Mutations

You are immune to sickness and miasma.
Your stone body is resilient. (AC +3)
You are immune to poison.
You resist negative energy. (rN+)
You are resistant to electric shocks. (rElec)
You are resistant to unholy torment.
You are immune to petrification.


   Skills:
 - Level 2.3 Fighting
 + Level 4.4 Ranged Weapons
 - Level 1.5 Dodging
 - Level 1.0 Spellcasting
 - Level 2.6 Hexes


You had 4 spell levels left.
You knew the following spells:

 Your Spells              Type           Power      Damage    Failure   Level
a - Slow                  Hex            28%        N/A       10%         1

Your spell library contained the following spells:

 Spells                   Type           Power      Damage    Failure   Level
 Inner Flame              Hex/Fire       4%         N/A       43%         3
 Portal Projectile        Hex/Tloc       8%         N/A       43%         3
 Cause Fear               Hex            3%         N/A       67%         4

Inventory:

Hand Weapons
 a - the +1 longbow of Causality (weapon) {freeze, rPois rC+ rCorr}
   (You acquired it on level 1 of the Dungeon)

   rC:        It protects you from cold.
   rPois:     It protects you from poison.
   rCorr:     It protects you from acid and corrosion.
Armour
 c - a +0 robe (worn)
 e - a +0 leather armour
 o - a +0 ring mail
Jewellery
 d - a +4 ring of protection (left hand)
 f - a ring of see invisible (right hand)
Scrolls
 b - a scroll of enchant armour
 Y - a scroll of identify
Potions
 g - a potion of curing {unknown}
 h - a potion of resistance {unknown}
 i - a potion of brilliance {unknown}
 j - a potion of berserk rage {unknown}
 k - 2 potions of cancellation {unknown}
 l - a potion of haste {unknown}
 m - a potion of mutation {unknown}
 n - a potion of heal wounds {unknown}
 p - a potion of enlightenment {unknown}

Dungeon Overview and Level Annotations

Branches:
Dungeon (3/15)

Altars:
Sif Muna

Shops:
D:2 [[((


Message History

Enter note:
Enter note:
Enter note: You shoot an arrow.
The gnoll shouts!
The arrow hits the gnoll.
The arrow freezes the gnoll.
The gnoll is heavily wounded.
You hear a shout!
A gnoll comes into view. It is wielding a +0 spear.
1964 ||| Stepping ~*~*~tactically~*~*~ (outnumbered).
You shoot an arrow. The arrow closely misses the gnoll.
You shoot an arrow.
The arrow hits the gnoll but does no damage.
The gnoll is heavily wounded.
You hear a shout!
A gnoll comes into view. It is wielding a +0 flail.
The gnoll barely misses you.
You shoot an arrow. The arrow hits the gnoll.
The arrow freezes the gnoll.
The gnoll is almost dead.
The gnoll hits you but does no damage.
You shoot an arrow. The arrow hits the gnoll!
The arrow freezes the gnoll.
You kill the gnoll!
The gnoll closely misses you.
The gnoll hits you from afar with a +0 spear.
You shoot an arrow. The arrow closely misses the gnoll.
The gnoll completely misses you. The gnoll hits you but does no damage.
The gnoll closely misses you.
You shoot an arrow. The arrow hits the gnoll.
The arrow freezes the gnoll.
The gnoll is moderately wounded.
The gnoll hits you but does no damage. The gnoll barely misses you.
The gnoll hits you from afar with a +0 spear.
The gnoll hits you from afar with a +0 halberd!
The gnoll hits you with a +0 flail.
The gnoll hits you from afar with a +0 spear.
You shoot an arrow. The arrow barely misses the gnoll.
The gnoll hits you with a +0 flail.
The gnoll hits you but does no damage. x2
You shoot an arrow. The arrow hits the gnoll!
The arrow freezes the gnoll.
You kill the gnoll!
The gnoll hits you from afar with a +0 spear.
You die...

#######
#.....######
#<###....... #.#
######## ##### #.#
##.###
########...###..
......
####........#.....#
##.###
#....#####....# ...
#.#### ##..@###.###
# #.######...)....#
# #...........gg#.#
# #..#######.##.#
#### #..# #.# .#
...# #..# #.# .#
##.# #..#######.#
># ##.# #...(......
.g #.###..###....
?#


You could see 2 gnolls.

Vanquished Creatures
  Terence (D:2)
  2 adders (D:2)
  2 gnolls (D:3)
  A worm (D:2)
  4 dart slugs (D:2)
  7 endoplasms
  2 giant cockroaches
  7 goblins
  2 hobgoblins (D:2)
  3 kobolds
  2 quokkas
  5 ball pythons
  5 bats
  6 rats
49 creatures vanquished.

Notes
Turn   | Place    | Note
-------+----------+-------------------------------------------
     0 | D:1      | qw the Gargoyle Hexslinger began the quest for the Orb.
     0 | D:1      | Reached XP level 1. HP: 12/12 MP: 2/2
     0 | D:1      | 0 ||| qw: Version: 0.3-a-46-gb1f654a
     0 | D:1      | 0 ||| qw: Game counter: 2154
     0 | D:1      | 0 ||| qw: Melee chars always use a shield: true
     0 | D:1      | 0 ||| qw: God list: Okawaru
     0 | D:1      | 0 ||| qw: Allow faded altars: false
     0 | D:1      | 0 ||| qw: Do Orc after clearing Dungeon:15 true
     0 | D:1      | 0 ||| qw: Do second Lair branch before Depths: true
     0 | D:1      | 0 ||| qw: Lair rune preference: random
     0 | D:1      | 0 ||| qw: Goals: Normal
     0 | D:1      | 0 ||| PLANNING D:1-11
   216 | D:1      | Reached XP level 2. HP: 16/16 MP: 3/3
   614 | D:1      | Reached skill level 3 in Ranged Weapons
   850 | D:1      | 850 ||| UPGRADING to +4 ring of protection.
   851 | D:1      | 851 ||| UPGRADING to ring of see invisible.
   852 | D:1      | 852 ||| READING scroll labelled UMOFIH HID.
   853 | D:1      | 853 ||| READING scroll labelled COXAUN CIHOGISY.
   853 | D:1      | Identified a scroll of acquirement
   853 | D:1      | 853 ||| ACQUIRING +1 longbow of Causality {freeze, rPois
                  | rC+ rCorr}
   853 | D:1      | Acquired the +1 longbow of Causality {freeze, rPois rC+
                  | rCorr}
   855 | D:1      | 855 ||| SWAPPING to +1 longbow of Causality {freeze, rPois
                  | rC+ rCorr}.
   856 | D:1      | 856 ||| DROPPING +1 sling.
   857 | D:1      | 857 ||| READING 2 scrolls labelled ADAYJY AQEMECU.
   858 | D:1      | 858 ||| DROPPING scroll of poison.
   859 | D:1      | 859 ||| DROPPING scroll of noise.
   905 | D:2      | Reached XP level 3. HP: 22/22 MP: 4/4
   961 | D:2      | Found Olat's Weapon Boutique.
  1131 | D:2      | Reached XP level 4. HP: 27/27 MP: 5/5
  1305 | D:2      | Found Dodolo's Weapon Shoppe.
  1324 | D:2      | Found Keoke's Armour Emporium.
  1326 | D:2      | Found Gachunk's Antique Armour Emporium.
  1340 | D:2      | 1340 ||| SHOPLISTING +0 helmet (45 gold, have 44).
  1340 | D:2      | 1340 ||| SHOPLISTING +2 ring mail of fire resistance (210
                  | gold, have 44).
  1348 | D:2      | 1348 ||| SHOPLISTING leather armour (50 gold, have 44).
  1348 | D:2      | 1348 ||| SHOPLISTING runed robe (92 gold, have 44).
  1359 | D:2      | Noticed Terence
  1366 | D:2      | Killed Terence
  1367 | D:2      | Reached skill level 4 in Ranged Weapons
  1543 | D:2      | 1543 ||| READING scroll labelled HEAF AG QUECZOXZU.
  1546 | D:2      | 1546 ||| READING scroll labelled BOLUGE HEDO.
  1547 | D:2      | 1547 ||| READING 2 scrolls labelled CEROOJ OQIPH.
  1582 | D:3      | Found a faded altar of an unknown god.
  1894 | D:3      | Found a shimmering blue altar of Sif Muna.
  1964 | D:3      | 1964 ||| Stepping ~*~*~tactically~*~*~ (outnumbered).
  1971 | D:3      | HP: 6/27 [gnoll/+0 flail (6)]
  1972 | D:3      | Slain by a gnoll

Levels and vault maps discovered:
D:1:      roderic_octagonal_star, layout_loops_corners, glass_columns_a
D:2:      layout_basic, serial_shops, nicolae_shop_gibbet_a_chance,
          nicolae_shop_scrapyard, nicolae_shop_bloodbath_and_beyond, shop,
          uniq_terence
D:3:      layout_loops_ring, lemuel_crystal_altar,
          lemuel_coloured_pillars_altar,
          hellmonk_ecumenical_altar_leap_of_faith, serial_bayou_lake_a

Skill      XL: |  1  2  3  4 |
---------------+-------------+-----
Ranged Weapons | 3 4 |  4.4
Fighting       | 2 |  2.3
Dodging        | |  1.5
Spellcasting   | |  1.0
Hexes          | |  2.6

Action                     |  1- 3 |  4- 6 || total
---------------------------+-------+-------++-------
   Fire: Sling             |    35 |       ||    35
         Longbow           |    34 |    41 ||    75
    Use: Scroll            |     3 |     3 ||     6
 Armour: Robe              |    15 |    10 ||    25
  Dodge: Dodged            |    20 |    15 ||    35

Table legend:
 A = Non-vault XP
 B = Vault XP
 C = Vault XP percentage of total XP
 D = Non-vault monster count
 E = Vault monster count
 F = Vault count percentage of total count
                 A         B        C        D         E       F
            +---------+---------+-------+---------+---------+-------
      Total |     139 |      32 |  18.7 |      48 |       1 |   2.0
            +---------+---------+-------+---------+---------+-------
        D:1 |      26 |       0 |   0.0 |      17 |       0 |   0.0
        D:2 |      81 |      32 |  28.3 |      27 |       1 |   3.6
        D:3 |      32 |       0 |   0.0 |       4 |       0 |   0.0
            +---------+---------+-------+---------+---------+-------
